 Dungeon Crawl Stone Soup version 0.30.0-5-g1a98f26d00 (webtiles) character file.

Game seed: 3206874219663728647

146 jasper the Shield-Bearer (level 5, -13/46 HPs)
             Began as a Meteoran Fighter on May 11, 2023.
             Mangled by an ogre
             ... wielding a +0 giant spiked club
              (25 damage)
             ... on level 4 of the Dungeon.
             The game lasted 00:02:05 (905 turns).

jasper the Shield-Bearer (Meteoran Fighter)          Turns: 905, Time: 00:02:05

Health: -13/46     AC:  7    Str: 20    XL:     5   Next: 84%
Magic:  6/6        EV: 10    Int:  9    God:
Gold:   23         SH:  5    Dex: 13    Spells: 4/4 levels left

rFire   . . .        a - +0 war axe
rCold   . . .        c - +0 buckler
rNeg    . . .        b - +0 scale mail
rPois   .            (no helmet)
rElec   .            (no cloak)
rCorr   .            (no gloves)
SInv    .            (no boots)
Will    .....        (no amulet) Stlth
                     (no ring)
HPRegen 0.27/turn    (no ring)
MPRegen 0.10/turn

%: no passive effects
@: mighty, glowing
A: sense surroundings 1, otherworldly, glowing, explore regen
a: no special abilities


You were on level 4 of the Dungeon.
You visited 1 branch of the dungeon, and saw 4 of its levels.

You collected 23 gold pieces.

Inventory:

Hand Weapons
 a - a +0 war axe (weapon)
Missiles
 h - 6 poisoned darts (quivered)
Armour
 b - a +0 scale mail (worn)
 c - a +0 buckler (worn)
 i - a +0 cloak
Wands
 j - a wand of flame (17)
Potions
 e - 2 potions of curing {unknown}
 f - 2 potions of cancellation {unknown}
 g - a potion of resistance {unknown}
 k - a potion of haste {unknown}


   Skills:
 + Level 3.9 Fighting
 * Level 4.1 Axes
 + Level 4.4 Armour
 + Level 2.1 Dodging
 + Level 4.4 Shields


You had 4 spell levels left.
You didn't know any spells.
Your spell library was empty.

Dungeon Overview and Level Annotations

Branches:
Dungeon (4/15) Zot: 1461
 Temple: D:4-7

Altars:
Vehumet

Annotations:
D:4 1 transporter, SecretSquirrel's ghost, amateur DsHu


Innate Abilities, Weirdness & Mutations

You passively map a small area around you.
You are easily found by Zot.
You glow in the dark.
You regain HP and MP as you explore.


Message History

Your Dodging skill increases to level 2!
You have reached level 5!
You regained 5 hp, and now have 27/46 hp.
MP restored: 6 You regained 2 hp, and now have 29/46 hp.
You regained 2 hp, and now have 33/46 hp.
You regained 2 hp, and now have 36/46 hp.
Found 11 gold pieces.
You regained 2 hp, and now have 41/46 hp.
You regained 2 hp, and now have 43/46 hp.
Found 8 gold pieces.
Health restored: 46 The ufetubus shouts!
An ogre comes into view. It is wielding a +0 giant spiked club.
Found a transporter.
The ogre shouts!
You hear a shout!
You hear an angry growl.
An orc comes into view. It is wielding a +0 whip.
An orc comes into view. It is wielding a +0 club.
You barely miss the ogre.
The orc shouts!
You hear a shout!
The ogre hits you with a +0 giant spiked club!!
An orc priest comes into view. It is wielding a +0 dagger.
An orc comes into view. It is wielding a +0 short sword.
You hear a shout!
You take 18 damage, and have 28/46 hp.
MASSIVE DAMAGE!!
You barely miss the ogre.
The orc priest shouts!
SecretSquirrel's ghost effortlessly reloads its weapon.
The ogre barely misses you.
The orc priest invokes the aid of Beogh against you.
Beogh smites you!
* * * LOW HITPOINT WARNING * * *
An orc comes into view. It is wielding a +0 club.
You take 16 damage, and have 12/46 hp.
MASSIVE DAMAGE!!
You slash the ogre!
The ogre is heavily wounded.
The orc priest looks encouraged for a moment.
The ogre hits you with a +0 giant spiked club!!
Ouch! That really hurt!
You die...

, , , , , * ... , , , *
##. oo### ** #.. o...# *
##..##.#.# , ,.......#o#
#+# , ..©....o.# #.# **
, , #.....#.# #.# , * ,,
* #..@O..# ##.##
#..#######...## , , , *
, ,##..# ##.....##.## ,
,##...# #........... ,
#.##....#####.##.####$##
#$#...........##.# ,*
#..###...########.# ,,
## ##..# #.# , #..# #.#
*


You could see an ogre, an orc priest and 4 orcs.

Vanquished Creatures
  An ogre (D:4)
  4 adders
  A worm (D:2)
  An orc (D:3)
  A bat (D:2)
  2 goblins
  2 hobgoblins (D:2)
  2 kobolds
  A quokka (D:3)
  4 ball pythons
  4 frilled lizards
  4 rats
27 creatures vanquished.

Notes
Turn   | Place    | Note
-------+----------+-------------------------------------------
     0 | D:1      | jasper the Meteoran Fighter began the quest for the Orb.
     0 | D:1      | Reached XP level 1. HP: 19/19 MP: 2/2
    64 | D:1      | Reached XP level 2. HP: 22/26 MP: 3/3
   119 | D:2      | Reached XP level 3. HP: 31/31 MP: 4/4
   122 | D:2      | Reached skill level 1 in Dodging
   572 | D:3      | Found a radiant altar of Vehumet.
   618 | D:3      | Reached XP level 4. HP: 38/38 MP: 5/5
   870 | D:4      | Noticed an ogre
   875 | D:4      | Killed an ogre
   876 | D:4      | Reached XP level 5. HP: 27/46 MP: 6/6
   900 | D:4      | Noticed SecretSquirrel's ghost (amateur DsHu)
   901 | D:4      | Found a transporter.
   901 | D:4      | Noticed an ogre
   905 | D:4      | Mangled by an ogre

Illustrated notes

Levels and vault maps discovered:
D:1:      giann_wishing_wells, layout_basic, hangedman_decor_slide_cut
D:2:      layout_loops_ring, kennysheep_another_room
D:3:      cheibrodos_helix_gallery, layout_loops_corners, vehumet_altar_wand_db,
          jmf_multi_god_temple, shapermc_ecumenical_altar_hornbeckon
D:4:      layout_loops_corners, serial_shops, nicolae_shop_industrial_runoff,
          gammafunk_ghost_abyssal_escape, minivault_14

Skill      XL: |  1  2  3  4 |
---------------+-------------+-----
Dodging        | 1 2 |  2.1
Axes           | 3 4 |  4.1
Armour         | 4 |  4.4
Shields        | 4 |  4.4
Fighting       | |  3.9

Action                     |  1- 3 |  4- 6 || total
---------------------------+-------+-------++-------
  Melee: War axe           |    60 |    26 ||    86
    Use: Potion            |       |     1 ||     1
 Armour: Scale mail        |    23 |    14 ||    37
  Dodge: Dodged            |    30 |    10 ||    40
  Block: Buckler           |    14 |     4 ||    18
